 Dungeon Crawl Stone Soup version 0.22-a0-192-g6ffc940 (webtiles) character file.

2 zero the Sneak (level 1, 0/9 HPs)
             Began as a Spriggan Enchanter on Feb 16, 2018.
             Slain by a bat (1 damage)
             ... on level 1 of the Dungeon.
             The game lasted 00:01:38 (189 turns).

zero the Sneak (Spriggan Enchanter)                  Turns: 189, Time: 00:01:38

Health: 0/9        AC:  2    Str:  4    XL:     1   Next: 33%
Magic:  5/5        EV: 18    Int: 16    God:
Gold:   0          SH:  0    Dex: 16    Spells: 4/5 levels left

rFire    . . .     SeeInvis +   a - +1 dagger
rCold    . . .     Gourm    .   (shield restricted)
rNeg     . . .     Faith    .   b - +0 robe
rPois    .         Spirit   .   (helmet restricted)
rElec    .         Reflect  .   (no cloak)
rCorr    .         Harm     .   (gloves unavailable)
MR       .....                  (boots unavailable)
Stlth    +++.......             (no amulet)
HPRegen  0.03/turn              (no ring)
MPRegen  0.09/turn              (no ring)

@: very quick
A: very small, unfitting armour, see invisible, herbivore, speed 3, slow
metabolism 2
a: no special abilities


You were on level 1 of the Dungeon.
You were not hungry.

You visited 1 branch of the dungeon, and saw 1 of its levels.

Inventory:

Hand Weapons
 a - a +1 dagger (weapon)
Armour
 b - a +0 robe (worn)
Potions
 e - a potion of mutation {unknown}
Books
 c - a book of Maledictions

   Spells                             Type                      Level
   a - Corona                         Hexes                        1
   b - Ensorcelled Hibernation        Hexes/Ice                    2
   c - Confuse                        Hexes                        3
   d - Tukima's Dance                 Hexes                        3
   e - Dazzling Spray                 Conjuration/Hexes            3
Comestibles
 d - 2 rations


   Skills:
 + Level 1.3 Short Blades
 - Level 3.0 Dodging
 + Level 4.6 Stealth
 - Level 2.6 Spellcasting
 - Level 3.6 Hexes


You had 4 spell levels left.
You knew the following spells:

 Your Spells              Type           Power        Failure   Level  Hunger
a - Corona                Hex            ##.....      4%          1    #......


Dungeon Overview and Level Annotations

Branches:
Dungeon (1/15)

Altars:


Innate Abilities, Weirdness & Mutations

You are very small and have problems with some larger weapons.
You are too small for most types of armour.
You have supernaturally acute eyesight. (SInv)
You are a herbivore.
You cover ground extremely quickly.
You need consume almost no food.


Message History

The giant cockroach stops glowing.
You hit the giant cockroach but do no damage.
The giant cockroach is moderately wounded.
The giant cockroach misses you. The ooze completely misses you.
A rat comes into view.
The bat closely misses you.
You see here a puce potion.
e - a puce potion The bat barely misses you.
You see here a ration.
d - 2 rations (gained 1)
The bat hits you. The bat barely misses you. The giant cockroach misses you.
The ooze hits you.
* * * LOW HITPOINT WARNING * * *
The bat misses you. The bat closely misses you. The giant cockroach misses you.
The bat barely misses you. The bat misses you. The bat hits you.
You die...

############ ##.....r.J..##
###### ##.......sg...##
#..... #..............#
#..... #..........b@..#
##.⌠... #..............#####
#...### #..................#
#...#<# #.........$........#
#...#'# ##.................#
##(.⌠...
##..........#.....###...Kr..
######.#####.......(.###.#.
#>...gJ...).#.##### #b..
......#.#######†#... #...


You could see an ooze, a giant cockroach, a hobgoblin, a bat and a rat.

Vanquished Creatures
  A bat (D:1)
  2 kobolds (D:1)
  A rat (D:1)
4 creatures vanquished.

Notes
Turn   | Place    | Note
-------+----------+-------------------------------------------
     0 | D:1      | zero the Spriggan Enchanter began the quest for the Orb.
     0 | D:1      | Reached XP level 1. HP: 9/9 MP: 5/5
   189 | D:1      | Slain by a bat

Vault maps used:
D:1:      scummos_arrival_simple_fountains

Action                   || total
-------------------------++-------
Melee: Dagger            ||    17
 Cast: Corona            ||     5
Armor: Robe              ||     3
Dodge: Dodged            ||    38

Table legend:
 A = Spawn XP
 B = Non-spawn XP
 C = Spawn XP percentage of total XP
 D = Spawn monster count
 E = Non-spawn monster count
 F = Spawn count percentage of total count
 G = Total turns spent on level
                    A         B        C        D         E        F      G
               +---------+---------+-------+---------+---------+-------+---------
         Total |       0 |       4 |   0.0 |       0 |       4 |   0.0 |   189
               +---------+---------+-------+---------+---------+-------+---------
           D:1 |       0 |       4 |   0.0 |       0 |       4 |   0.0 |   189
               +---------+---------+-------+---------+---------+-------+---------
